Kradschützen Motorcycle Team
Selects Armored Support Battlegroup
Construct Light Support Kompanie
Construct Mechanized Kompanie
Marder III Tank Destroyer
254 Reconnaissance Tractor
Marder III Tank Destroyer
Selects Flammpanzer III Medium Tank
Construct Panzerarmee Kommand
Selects Command Panzer IV F Medium Tank
Command Panzer IV F Medium Tank
Flammpanzer III Medium Tank
Flammpanzer III Medium Tank
Selects Stuka Anti-tank Loiter
18-tonne Recovery Half-track